AoeStats
← Juanfreelance

African Clearing

506998219Analyzed
4v4 RM · 17d ago on Sep 16, 2026· 53m 13s· 8 players
Game mode
Random Map
Map size
Large (8 player)
Population
200
Speed
Normal
Resources
Standard
Victory
Conquest
Starting age
Dark Age
Ending age
Imperial Age
RankedLock teamsTeams togetherTeam positionsShared explorationLock speedFull tech treeHidden civsTurbo modeCheats
Victory
Defeat
🇨🇳 Huns · China
1261
+15
🇭🇰 Khmer · Hong Kong SAR China
1241
+16
🇨🇳 Vietnamese · China
1236
+16
🇨🇳 Persians · China
1185
+18
🇵🇦 Jurchens · Panama
1279
-18
🇨🇴 Vietnamese · Colombia
1246
-17
1235
-16
🇨🇴 Mongols · Colombia
1187
-14
ybsngs
3:55 Loom
14:17 Feudal Age
19:13 Castle Age
17:58 Double-Bit Axe
20:22 Fishing Lines
22:43 Fervor
29:07 Gillnets
34:00 Imperial Age
33:07 Ballistics
32:43 Murder Holes
32:59 Masonry
32:46 Fletching
33:07 Forging
35:24 Chemistry
34:20 Bodkin Arrow
33:51 Cavalier
35:38 Conscription
37:25 Citadels
37:42 Gold Mining
37:43 Stone Mining
38:05 Bow Saw
37:36 Horse Collar
38:47 Kamandaran
38:47 Crossbowman
39:33 Thumb Ring
38:48 Elite Skirmisher
39:40 Herbal Medicine
40:10 Padded Archer Armor
41:21 Wheelbarrow
40:32 Town Watch
42:31 Leather Archer Armor
42:51 Iron Casting
42:22 Scale Barding Armor
45:47 Blast Furnace
45:17 Ring Archer Armor
45:59 Heavy Plow
46:29 Elite War Elephant
47:44 Hoardings
46:40 Sappers
47:32 Chain Barding Armor
49:47 Plate Barding Armor
48:35 Savar
49:16 Husbandry
49:27 Bloodlines
48:38 Light Cavalry
48:40 Heavy Camel Rider
50:35 Scale Mail Armor
53:09 Hand Cart
52:55 Town Patrol
Sunny
6:33 Loom
13:53 Feudal Age
14:56 Double-Bit Axe
15:41 Fletching
17:15 Padded Archer Armor
23:12 Horse Collar
27:06 Castle Age
28:10 Thumb Ring
27:26 Crossbowman
28:06 Bodkin Arrow
28:54 Bow Saw
31:25 Heavy Plow
33:14 Leather Archer Armor
33:51 Wheelbarrow
34:18 Ballistics
34:09 Elite Skirmisher
41:26 Hand Cart
45:48 Imperial Age
47:04 Bracer
47:35 Ring Archer Armor
48:53 Chemistry
50:11 Stone Mining
50:20 Gold Mining
50:21 Imperial Skirmisher
51:50 Siege Engineers
52:51 Two-Man Saw
52:16 Paper Money
虫
8:27 Loom
12:11 Feudal Age
17:43 Castle Age
15:53 Double-Bit Axe
16:41 Horse Collar
17:43 Stone Mining
17:44 Gold Mining
19:13 Bow Saw
22:59 Wheelbarrow
24:28 Heavy Plow
28:36 Gold Shaft Mining
28:37 Stone Shaft Mining
30:45 Fortified Wall
31:05 Hand Cart
35:17 Imperial Age
33:18 Husbandry
33:29 Bloodlines
33:30 Town Watch
34:13 Town Patrol
35:34 Tusk Swords
36:24 Conscription
36:12 Scale Barding Armor
37:36 Crop Rotation
38:05 Chain Barding Armor
37:55 Forging
38:45 Elite Battle Elephant
43:18 Elite Ballista Elephant
43:59 Double Crossbow
44:31 Ballistics
45:12 Chemistry
45:43 Murder Holes
49:33 Siege Engineers
淡漠秋风
5:21 Loom
12:36 Feudal Age
13:51 Double-Bit Axe
18:28 Wheelbarrow
20:57 Castle Age
20:45 Scale Barding Armor
26:42 Forging
28:34 Husbandry
28:45 Bloodlines
31:05 Chain Barding Armor
34:43 Wheelbarrow
36:53 Iron Casting
45:16 Gold Mining
49:29 Imperial Age
50:55 Plate Barding Armor
51:27 Blast Furnace
49:52 Cavalier
52:47 Blast Furnace
53:59 Gold Shaft Mining
Juanfreelance
5:55 Loom
15:07 Feudal Age
15:59 Double-Bit Axe
15:56 Horse Collar
28:45 Castle Age
26:57 Gold Mining
28:55 Forging
28:50 Scale Barding Armor
28:59 Bloodlines
31:14 Iron Casting
30:50 Husbandry
41:28 Wheelbarrow
43:08 Hand Cart
43:14 Bow Saw
44:09 Town Watch
44:31 Heavy Plow
44:25 Pikeman
45:06 Squires
44:51 Arson
45:39 Scale Mail Armor
50:48 Chain Mail Armor
51:24 Light Cavalry
FC_CamShaca
4:02 Loom
14:13 Feudal Age
18:11 Castle Age
19:15 Town Watch
19:45 Double-Bit Axe
21:06 Bow Saw
20:50 Gold Mining
22:42 Horse Collar
24:11 Gold Shaft Mining
23:43 Heavy Plow
25:29 Fletching
27:18 Bodkin Arrow
30:26 Stone Mining
30:41 Padded Archer Armor
31:53 Husbandry
34:19 Wheelbarrow
34:01 Bloodlines
34:40 Ballistics
35:28 Thumb Ring
36:06 Masonry
36:27 Leather Archer Armor
44:09 Imperial Age
45:57 Chemistry
45:09 Bracer
45:38 Conscription
49:11 Onager
50:36 Hand Cart
FC_Jos3
3:12 Loom
13:54 Feudal Age
15:02 Double-Bit Axe
18:12 Fletching
FC_Proyecto_El_Conquistador_X
10:24 Loom
13:59 Feudal Age
17:32 Castle Age
16:05 Double-Bit Axe
16:03 Horse Collar
19:26 Bow Saw
25:03 Town Watch
32:46 Wheelbarrow
37:34 Imperial Age
36:52 Padded Archer Armor
37:58 Chemistry
37:19 Ballistics
37:31 Heavy Plow
38:46 Elite Hussite Wagon
40:48 Scale Mail Armor
40:59 Forging
41:21 Conscription
40:56 Pikeman
41:52 Chain Mail Armor
41:42 Squires
41:27 Arson
42:33 Halberdier
43:54 Plate Mail Armor
43:59 Iron Casting
47:10 Blast Furnace
53:06 Wagenburg Tactics
Connection lost

Rejoining the realm…

Still unreachable

The connection could not be restored.

Session expired

The server has moved on; the page needs a fresh start.